 Dungeon Crawl Stone Soup version 0.28.0-45-g0d030f2227 (webtiles) character file.

Game seed: 3866268620051187007

558 Ablot the Grasshopper (level 7, -13/56 HPs)
             Began as a Gnoll Warper on Apr 3, 2022.
             Was a Follower of Okawaru.
             Hit by a boomerang thrown by an orc warrior (15 damage)
             ... on level 4 of the Dungeon.
             The game lasted 00:08:48 (7321 turns).

Ablot the Grasshopper (Gnoll Warper)                Turns: 7321, Time: 00:08:48

Health: -13/56     AC:  4    Str: 12    XL:     7   Next: 31%
Magic:  15/15      EV: 13    Int: 13    God:    Okawaru [*.....]
Gold:   92         SH:  0    Dex: 11    Spells: 15/17 levels left

rFire   . . .      SeeInvis .   x - +2 hand axe (elec)
rCold   + . .      Faith    .   (no shield)
rNeg    . . .      Spirit   .   b - +0 leather armour
rPois   .          Reflect  .   u - +0 helmet
rElec   .          Harm     .   (no cloak)
rCorr   .          Rampage  .   (no gloves)
Will    .....                   (no boots)
Stlth   ++........              q - amulet of magic regeneration
HPRegen 0.18/turn               C - ring of protection from cold
MPRegen 0.54/turn               (no ring)

@: no status effects
A: fangs 1, strong nose, distributed training
a: Renounce Religion, Heroism


You were on level 4 of the Dungeon.
You worshipped Okawaru.
Okawaru was aware of your devotion.
You visited 2 branches of the dungeon, and saw 6 of its levels.

You collected 290 gold pieces.
You spent 198 gold pieces at shops.

Inventory:

Hand Weapons
 a - a +0 spear
 x - a +2 hand axe of electrocution (weapon)
Missiles
 d - 5 boomerangs of dispersal
 f - 3 boomerangs (quivered)
 l - 84 stones
 n - 2 poisoned darts
 p - 98 bolts
 t - 41 arrows
 y - a throwing net
Armour
 b - a +0 leather armour (worn)
 u - a +0 helmet (worn)
Jewellery
 q - an amulet of magic regeneration (around neck)
 C - a ring of protection from cold (left hand)
Wands
 E - a wand of polymorph (7)
Scrolls
 c - a scroll of blinking
 e - 4 scrolls of teleportation {unknown}
 g - 6 scrolls of identify {unknown}
 i - 3 scrolls of noise {unknown}
 k - 3 scrolls of brand weapon {unknown}
 m - a scroll of enchant armour {unknown}
 r - 2 scrolls of fear {unknown}
 s - a scroll of fog {unknown}
 v - a scroll of acquirement {unknown}
 F - 2 scrolls of immolation {unknown}
Potions
 h - a potion of might {unknown}
 j - 3 potions of curing {unknown}
 o - a potion of invisibility {unknown}
 w - a potion of heal wounds
 z - a potion of cancellation {unknown}
 A - 2 potions of flight {unknown}
 B - a potion of attraction {unknown}
 D - a potion of magic {unknown}
 G - a potion of degeneration {unknown}


   Skills:
 + Level 5.2 Fighting
 + Level 2.4 Short Blades
 + Level 2.4 Long Blades
 + Level 2.4 Axes
 + Level 2.4 Maces & Flails
 + Level 5.2 Polearms
 + Level 2.4 Staves
 + Level 2.4 Slings
 + Level 2.4 Bows
 + Level 2.4 Crossbows
 + Level 3.5 Throwing
 + Level 3.5 Armour
 + Level 5.2 Dodging
 + Level 2.4 Stealth
 + Level 2.4 Shields
 + Level 2.4 Unarmed Combat
 + Level 5.6 Spellcasting
 + Level 2.0 Conjurations
 + Level 2.0 Hexes
 + Level 2.0 Summonings
 + Level 2.0 Necromancy
 + Level 5.8 Translocations
 + Level 2.0 Transmutations
 + Level 2.0 Fire Magic
 + Level 2.0 Ice Magic
 + Level 2.0 Air Magic
 + Level 2.0 Earth Magic
 + Level 2.0 Poison Magic
 + Level 2.6 Invocations
 + Level 2.4 Evocations


You had 15 spell levels left.
You knew the following spells:

 Your Spells              Type           Power      Damage    Failure   Level
a - Blink                 Tloc           36%        N/A       3%          2

Your spell library contained the following spells:

 Spells                   Type           Power      Damage    Failure   Level
 Gell's Gravitas          Tloc           18%        N/A       6%          3
 Lesser Beckoning         Tloc           18%        N/A       6%          3
 Teleport Other           Tloc           18%        N/A       6%          3
 Shock                    Conj/Air       32%        1d5       10%         1
 Ignite Poison            Fire/Tmut/Pois 8%         N/A       30%         3
 Mephitic Cloud           Conj/Pois/Air  8%         N/A       30%         3
 Swiftness                Air            8%         N/A       30%         3
 Manifold Assault         Tloc           18%        N/A       50%         5
 Airstrike                Air            4%         N/A       69%         4
 Freezing Cloud           Conj/Ice/Air   4%         6-21      95%         5


Dungeon Overview and Level Annotations

Branches:
Dungeon (5/15)             Temple (1/1) D:4

Altars:
Ashenzari
Cheibriados
Dithmenos
Gozag
Hepliaklqana
Kikubaaqudgha
Makhleb
Nemelex Xobeh
Okawaru
Ru
Sif Muna
Trog
Vehumet
Wu Jian
Xom
Zin
The Shining One

Shops:
D:2 *[[*


Innate Abilities, Weirdness & Mutations

You have very sharp teeth.
Your uncanny sense of smell can sniff out nearby items.
Your experience applies equally to all skills.


Message History

The water moccasin zombie is heavily damaged.
The water moccasin zombie bites you but does no damage.
The water moccasin zombie closely misses you.
There is a stone staircase leading up here.
Throw: 3 boomerangs
Press: ? - help, Q - select action, (/) - cycle Shift-Dir - straight line, f - orc warrior
Aim: an orc warrior, wielding a +0 battleaxe, wearing a +0 plate armour and quivering boomerangs (59% to hit)
You throw a boomerang.
The boomerang barely misses the orc warrior.
The boomerang barely misses the orc.
The orc warrior barely misses you.
You climb upwards.
There is a stone staircase leading down here.
You hit the orc warrior.
The orc warrior is lightly wounded.
The orc warrior barely misses you.
You hit the orc warrior but do no damage.
The orc warrior is lightly wounded.
The orc warrior hits you with a +0 battleaxe!
You closely miss the orc warrior.
The orc warrior is lightly wounded.
The orc warrior misses you.
You hit the orc warrior.
The orc warrior is lightly wounded.
The orc warrior hits you with a +0 battleaxe!
You hit the orc warrior but do no damage.
The orc warrior is lightly wounded.
The orc warrior hits you with a +0 battleaxe!!
* * * LOW HITPOINT WARNING * * *
The orc warrior hits you with a +0 battleaxe!
* * * LOW HITPOINT WARNING * * *
You completely miss the orc warrior.
The orc warrior is lightly wounded.
The orc warrior barely misses you.
Casting: Blink (safe; 3% risk of failure)
Confirm with . or Enter, or press ? or * to list all spells.
You blink.
You feel stable enough to blink again.
The orc warrior throws a boomerang.
The boomerang hits you!
You die...

##...#.......#.......# #.#..#
##....####+####)#.##### ####§'##
#.......##.###.>### #§§§§.§≈
...........##...##########≈.§§..§
...................>.....#≈§8≈≈8§
.........####...########.'..≈§≈≈§
#.......## ##.o## #.'..≈≈≈≈.
##.....## ##..# ###≈.8≈≈8.
##...## ##@# #≈...... ##'## #.#
#≈≈≈..≈≈ #.# #.# #####''## ####.#
#.# #.# #..# #....###########.#
#.# #.## ..#..............# #.#
#.### ...<...###########
#.###.... .#.....# #........
.#)#...# ########.


You could see an orc warrior.

Vanquished Creatures
  An ogre (D:4)
  A scorpion (D:4)
  A bullfrog zombie (D:5)
  An orc priest (D:4)
  A hound (D:5)
  A jelly (D:4)
  Natasha (thrice) (D:2)
  Robin (D:2)
  5 gnolls
  5 adders
  An adder skeleton (D:4)
  2 worms
  2 dart slugs (D:1)
  14 orcs
  4 endoplasms
  2 giant cockroaches
  14 goblins
  9 hobgoblins
  2 jackals (D:1)
  5 kobolds
  3 quokkas
  7 ball pythons
  7 bats
  A frilled lizard (D:1)
  2 rats
95 creatures vanquished.

Vanquished Creatures (others)
  2 toadstools (D:4)
2 creatures vanquished.

Grand Total: 97 creatures vanquished

Notes
Turn   | Place    | Note
-------+----------+-------------------------------------------
     0 | D:1      | Ablot the Gnoll Warper began the quest for the Orb.
     0 | D:1      | Reached XP level 1. HP: 20/20 MP: 6/6
    30 | D:1      | Reached XP level 2. HP: 21/26 MP: 7/7
    33 | D:1      | Learned a level 2 spell: Blink
   465 | D:1      | Found a faded altar of an unknown god.
   474 | D:1      | Reached XP level 3. HP: 30/31 MP: 9/9
   514 | D:1      | Reached skill level 5 in Spellcasting
  1254 | D:2      | Found Hana's Assorted Antiques.
  1254 | D:2      | Found Jufiten's Antique Armour Shoppe.
  1262 | D:1      | Reached skill level 1 in Invocations
  1413 | D:2      | You fall into a shaft and drop 1 floor!
  1444 | D:3      | Reached skill level 1 in Short Blades
  1444 | D:3      | Reached skill level 1 in Long Blades
  1444 | D:3      | Reached skill level 1 in Axes
  1444 | D:3      | Reached skill level 1 in Maces & Flails
  1444 | D:3      | Reached skill level 1 in Staves
  1444 | D:3      | Reached skill level 1 in Slings
  1444 | D:3      | Reached skill level 1 in Bows
  1444 | D:3      | Reached skill level 1 in Crossbows
  1444 | D:3      | Reached skill level 1 in Stealth
  1444 | D:3      | Reached skill level 1 in Shields
  1444 | D:3      | Reached skill level 1 in Unarmed Combat
  1444 | D:3      | Reached skill level 1 in Evocations
  1444 | D:3      | Reached XP level 4. HP: 22/38 MP: 11/11
  2053 | D:3      | Found a hazy altar of Hepliaklqana.
  2199 | D:2      | Bought an emerald potion for 20 gold pieces
  2199 | D:2      | Bought a scroll labelled KOICSI RINA for 23 gold pieces
  2199 | D:2      | Bought a scroll labelled BEFUOQEAPO for 23 gold pieces
  2238 | D:2      | Noticed Robin
  2266 | D:2      | Killed Robin
  2267 | D:2      | Reached skill level 1 in Conjurations
  2267 | D:2      | Reached skill level 1 in Hexes
  2267 | D:2      | Reached skill level 1 in Summonings
  2267 | D:2      | Reached skill level 1 in Necromancy
  2267 | D:2      | Reached skill level 1 in Transmutations
  2267 | D:2      | Reached skill level 1 in Fire Magic
  2267 | D:2      | Reached skill level 1 in Ice Magic
  2267 | D:2      | Reached skill level 1 in Air Magic
  2267 | D:2      | Reached skill level 1 in Earth Magic
  2267 | D:2      | Reached skill level 1 in Poison Magic
  2622 | D:2      | Reached XP level 5. HP: 24/43 MP: 12/12
  2807 | D:2      | Noticed Natasha
  2822 | D:2      | Killed Natasha
  3147 | D:2      | Noticed Natasha
  3161 | D:2      | Killed Natasha
  3258 | D:2      | Found Jupromo's Antique Armour Shoppe.
  3267 | D:2      | Found Oblehacw's Assorted Antiques.
  3280 | D:2      | Bought a scroll labelled WEBLEISMIMI for 22 gold pieces
  3280 | D:2      | Bought a scroll labelled RYVOMAFIOW for 22 gold pieces
  3990 | D:3      | Found a sparkling altar of Nemelex Xobeh.
  4631 | D:4      | Found a staircase to the Ecumenical Temple.
  4642 | Temple   | Entered the Ecumenical Temple
  4902 | Temple   | Became a worshipper of Warmaster Okawaru
  5252 | D:4      | Reached XP level 6. HP: 37/50 MP: 13/13
  5808 | D:4      | Reached skill level 5 in Fighting
  5808 | D:4      | Reached skill level 5 in Polearms
  5808 | D:4      | Reached skill level 5 in Dodging
  6155 | D:4      | Identified the +1 leather armour of Fastrum {Harm rCorr
                  | Str-2 Int+2}
  6254 | D:4      | Reached * piety under Okawaru
  6515 | D:4      | Reached XP level 7. HP: 54/56 MP: 15/15
  6610 | D:2      | Bought 2 scrolls labelled JIDOMEU JONWI for 46 gold pieces
  6610 | D:2      | Bought a scroll labelled WEBLEISMIMI for 23 gold pieces
  6618 | D:2      | Noticed Natasha
  6635 | D:2      | HP: 2/56 [Natasha (6)]
  6636 | D:2      | Killed Natasha
  6640 | D:2      | Bought a brown potion for 19 gold pieces
  7008 | D:5      | Entered Level 5 of the Dungeon
  7315 | D:4      | HP: 1/56 [orc warrior/+0 battleaxe (9)]
  7321 | D:4      | Hit by a boomerang thrown by an orc warrior

Illustrated notes

Levels and vault maps discovered:
D:1:      amcnicky_arrival_gap_in_the_tavern_cellar, layout_basic,
          ebering_ecumenical_altar_abandoned
D:2:      layout_loops_ring, serial_shops, shop, shop,
          nicolae_shop_advertising_works [nicolae_subvault_shop_adworks], shop,
          roderic_lattice_a, uniq_robin, uniq_natasha
D:3:      layout_basic, mainiacjoe_overflow_surrounded_room,
          nzn_hepliaklqana_mist_gate, minmay_misc_feat_secret_circle,
          dk_noncrumbling_4, minmay_fountain_box, minmay_misc_feat_room,
          serial_bayou_lake_a
D:4:      nicolae_cairo_tiling_very_big, layout_loops_corners,
          minmay_temple_entry_mini_moons, minmay_gold_behind_fungi,
          kennysheep_generic_room_6
D:5:      layout_basic, uniq_crazy_yiuf_cottage, uniq_pikel
Temple:   eino_wide_crystal_templ

Skill      XL: |  1  2  3  4  5  6  7 |
---------------+----------------------+-----
Spellcasting   | 5 |  5.6
Invocations    | 1 2 |  2.6
Short Blades   | 1 2 |  2.4
Long Blades    | 1 2 |  2.4
Axes           | 1 2 |  2.4
Maces & Flails | 1 2 |  2.4
Staves         | 1 2 |  2.4
Slings         | 1 2 |  2.4
Bows           | 1 2 |  2.4
Crossbows      | 1 2 |  2.4
Stealth        | 1 2 |  2.4
Shields        | 1 2 |  2.4
Unarmed Combat | 1 2 |  2.4
Evocations     | 1 2 |  2.4
Conjurations   | 1 2 |  2.0
Hexes          | 1 2 |  2.0
Summonings     | 1 2 |  2.0
Necromancy     | 1 2 |  2.0
Transmutations | 1 2 |  2.0
Fire Magic     | 1 2 |  2.0
Ice Magic      | 1 2 |  2.0
Air Magic      | 1 2 |  2.0
Earth Magic    | 1 2 |  2.0
Poison Magic   | 1 2 |  2.0
Throwing       | 3 |  3.5
Armour         | 3 |  3.5
Fighting       | 5 |  5.2
Polearms       | 5 |  5.2
Dodging        | 5 |  5.2
Translocations | |  5.8

Action                   |  1- 3 |  4- 6 |  7- 9 || total
-------------------------+-------+-------+-------++-------
Melee: Spear             |   100 |   257 |       ||   357
       Bite              |     9 |    25 |     2 ||    36
       Punch             |     2 |     6 |       ||     8
       Hand axe          |       |    45 |    38 ||    83
Throw: Boomerang         |       |     8 |     1 ||     9
 Cast: Blink             |       |     3 |     1 ||     4
 Stab: Sleeping          |     1 |       |       ||     1
Armor: Leather armour    |    25 |    60 |     8 ||    93
Dodge: Dodged            |    58 |   158 |    30 ||   246
